 Dungeon Crawl Stone Soup version 0.18-a0-884-gb6cfd45 (webtiles) character file.

26 Raultor the Cudgeler (level 2, -1/23 HPs)
             Began as a Demonspawn Gladiator on Dec 22, 2015.
             Slain by a goblin
             ... wielding a +0 club
             ... led by Robin
              (4 damage)
             ... on level 2 of the Dungeon.
             The game lasted 00:01:35 (635 turns).

Raultor the Cudgeler (Demonspawn Gladiator)          Turns: 635, Time: 00:01:36

Health: -1/23      AC:  5    Str: 15    XL:     2   Next: 89%
Magic:  2/2        EV: 12    Int:  9    God:
Gold:   33         SH:  0    Dex: 13    Spells: 0 memorised, 1 level left

rFire  . . .     SeeInvis .     a - +0 flail
rCold  . . .     Gourm    .     b - +0 leather armour
rNeg   . . .     Faith    .     (no shield)
rPois  .         Spirit   .     c - +0 helmet
rElec  .         Dismiss  .     h - +0 cloak
rCorr  .         Reflect  .     (no gloves)
SustAt .         Harm     .     (no boots)
MR     .....                    (no amulet)
Stlth  +.........               (no ring)
                                (no ring)

@: not resistant to hostile enchantments, very unstealthy
A: claws 1
a: no special abilities


You were on level 2 of the Dungeon.
You were not hungry.

You visited 1 branch of the dungeon, and saw 2 of its levels.

You collected 33 gold pieces.

Inventory:

Hand Weapons
 a - a +0 flail (weapon)
Missiles
 d - 3 throwing nets {=f, !d}
Armour
 b - a +0 leather armour (worn)
 c - a +0 helmet (worn)
 h - a +0 cloak (worn)
   (You found it on level 1 of the Dungeon)
Potions
 e - a potion of curing {unknown}
 i - a potion of ambrosia {unknown}
 k - a potion of cure mutation {unknown}
Comestibles
 f - a bread ration {@e1}
 j - a meat ration {@e2}
 l - a beef jerky


   Skills:
 + Level 2.3 Fighting
 - Level 2.9 Maces & Flails
 - Level 1.7 Throwing
 + Level 0.6 Armour
 + Level 2.9 Dodging
 * Level 1.0 Unarmed Combat


You had one spell level left.
You didn't know any spells.

Dungeon Overview and Level Annotations

Branches:
Dungeon (2/15)

Altars:
Nemelex Xobeh

Annotations:
D:2 Robin


Innate Abilities, Weirdness & Mutations

You have sharp fingernails.


Message History

Found a staircase leading out of the dungeon.
Health restored: 22
There is an open door here.
You open the door.
There is an open door here.
You open the large door.
A goblin comes into view. It is wielding a club.
The goblin shouts!
There is a large open door here.
You hit the goblin. The goblin closely misses you.
You hit the goblin.
You kill the goblin!
No target in view!
Done exploring.
There is an open door here.
There is an open door here.
You enter the shallow water.
Moving in this stuff is going to be slow.
You see here a spear.
All of the chunks of flesh in your inventory have rotted away.
You see here a stone.
You see here a stone.
You see here a stone.
Things that are here:
a dagger; a stone
Things that are here:
a short sword; 2 stones You see here a stone.
There is a stone staircase leading down here.
You climb downwards.
There is a stone staircase leading up here.
Found a stone staircase leading down.
No target in view!
No target in view!
An adder comes into view.
You hit the adder. The adder bites you. The adder closely misses you.
You take 1 damage, and have 21/22 hp.
You sock the adder!
You kill the adder!
Your Unarmed Combat skill increases to level 1!
No target in view!
You now have 33 gold pieces (gained 9).
A quokka comes into view.
You enter a teleport trap!
The teleport trap disappears.
Your surroundings suddenly seem different.
No target in view!
No target in view!
No target in view!
A goblin comes into view. It is wielding a club.
The goblin shouts!
You hear a shout!
You hear a shout!
You hear a shout!
You hear a shout! x8
The goblin unwields an uncursed club.
The goblin wields a glowing hunting sling.
It bursts into flame!
The goblin shoots a stone.
The stone hits you but does no damage.
A hobgoblin comes into view.
It is wielding a club. 4 goblins, 2 hobgoblins and Robin come into view.
Robin shouts!
The hobgoblin shouts!
The goblin shouts!
The goblin shouts!
The hobgoblin shouts!
The goblin moves out of view. x2
Robin roars a battlecry!
The goblins go into a battle-frenzy!
A goblin and a hobgoblin come into view.
The hobgoblin shouts!
You hit the hobgoblin.
The goblin shoots a stone.
The stone hits you but does no damage.
A giant newt and 2 hobgoblins come into view.
You hit the hobgoblin but do no damage. The hobgoblin hits you with a club.
The hobgoblin moves out of view.
Robin throws the goblin at you!
The hobgoblin moves out of view.
The goblin closely misses you.
You take 7 damage, and have 15/23 hp.
MASSIVE DAMAGE!!
A hobgoblin comes into view. It is wielding a club.
Robin throws the goblin at you! The goblin hits you with a club.
You take 2 damage, and have 13/23 hp.
You barely miss the goblin. The hobgoblin barely misses you.
The goblin hits you but does no damage. The goblin closely misses you.
Robin throws the goblin at you!
You take 2 damage, and have 11/23 hp.
The goblin unwields an uncursed hunting sling of flaming.
It stops flaming.
The goblin wields an uncursed club.
The goblin closely misses you. The goblin barely misses you.
The goblin hits you but does no damage.
Found a plain deck of cards.
Found a sparkling altar of Nemelex Xobeh.
The goblin hits you with a club.
The hobgoblin hits you but does no damage.
You take 1 damage, and have 10/23 hp.
Robin throws the goblin at you! The goblin hits you but does no damage.
You barely miss the goblin. The goblin barely misses you.
The goblin hits you with a club.
You take 3 damage, and have 7/23 hp.
You closely miss the goblin. The goblin closely misses you.
The goblin hits you with a club.
* * * LOW HITPOINT WARNING * * *
You take 4 damage, and have 3/23 hp.
Unknown command.
Robin throws the goblin at you! The goblin hits you with a club.
You die...

...# #... #..#
#..# ###..####
.......#
#g.##.###. #
#g@......_ #.#
#g##...##...
#g#.....#.#
.#####.........#
.....ggg.......#
.####g#g.......#
#.(#.....#.#
#g###...##.#


You could see Robin, 4 hobgoblins and 3 goblins.

Vanquished Creatures
  An adder (D:2)
  A giant cockroach (D:1)
  2 hobgoblins (D:1)
  3 kobolds (D:1)
  3 bats (D:1)
  5 goblins (D:1)
  3 rats (D:1)
18 creatures vanquished.

Notes
Turn   | Place    | Note
--------------------------------------------------------------
     0 | D:1      | Raultor the Demonspawn Gladiator began the quest for the Orb.
     0 | D:1      | Reached XP level 1. HP: 16/16 MP: 1/1
   231 | D:1      | Gained mutation: You have sharp fingernails. [demonic ancestry]
   231 | D:1      | Reached XP level 2. HP: 19/22 MP: 2/2
   609 | D:2      | Reached skill level 1 in Unarmed Combat
   624 | D:2      | Noticed Robin
   630 | D:2      | Found a sparkling altar of Nemelex Xobeh.
   634 | D:2      | HP: 3/23 [goblin/club[Robin] (4)]
   635 | D:2      | Slain by a goblin

Vault maps used:
D:1:      sevenhm_arrival_forest_fort_small_5
D:2:      nemelex_deck, uniq_robin

Action                   || total
-------------------------++-------
Melee: Flail             ||    75

Vault maps used:
D:1:      sevenhm_arrival_forest_fort_small_5
D:2:      nemelex_deck, uniq_robin

Table legend:
 A = Turns spent in this place as a percentage of turns spent in the entire game.
 B = Non-inter-level travel turns spent in this place as a percentage of non-inter-level travel turns spent in the entire game.
 C = Inter-level travel turns spent in this place as a percentage of turns spent in this place.
 D = Turns resting spent in this place as a percentage of non-inter-level travel turns spent in this place.
 E = Turns spent auto-exploring this place as a percentage of non-inter-level travel turns spent in this place.
 F = Non-inter-level travel turns spent in this place divided by the number of levels of this place that you've seen.
                   A       B       C       D       E      F
               +-------+-------+-------+-------+-------+----------------------
         Total | 100.0 | 100.0 |   0.4 |   0.0 |  14.0 | 121.0
       Dungeon | 100.0 | 100.0 |   0.4 |   0.0 |  14.0 | 121.0
               +-------+-------+-------+-------+-------+----------------------

Table legend:
 A = Kills in this place as a percentage of kills in entire the game.
 B = Kills by you in this place as a percentage of kills by you in the entire game.
 C = Kills by friends in this place as a percentage of kills by friends in the entire game.
 D = Other kills in this place as a percentage of other kills in the entire game.
 E = Experience gained in this place as a percentage of experience gained in the entire game.
 F = Experience gained in this place divided by the number of levels of this place that you have seen.
                   A       B       C       D       E      F
               +-------+-------+-------+-------+-------+----------------------
         Total | 100.0 | 100.0 |  -nan |  -nan | 100.0 |  19.0
       Dungeon | 100.0 | 100.0 |  -nan |  -nan | 100.0 |  19.0
               +-------+-------+-------+-------+-------+----------------------
